 Dungeon Crawl Stone Soup version 0.27.1-3-gb3d3a73c9e (webtiles) character file.

Game seed: 2592342774849036944

58 Trumpetguy the Firebug (level 3, -2/19 HPs)
             Began as a Deep Elf Fire Elementalist on Oct 6, 2021.
             Slain by a gnoll (6 damage)
             ... on level 2 of the Dungeon.
             The game lasted 00:09:38 (1653 turns).

Trumpetguy the Firebug (Deep Elf Fire Elementalist) Turns: 1653, Time: 00:09:39

Health: -2/19      AC:  2    Str:  5    XL:     3   Next: 76%
Magic:  0/9        EV:  7    Int: 20    God:
Gold:   72         SH:  0    Dex: 15    Spells: 7/8 levels left

rFire    . . .     SeeInvis .   (no weapon)
rCold    . . .     Faith    .   (no shield)
rNeg     . . .     Spirit   .   a - +0 robe
rPois    .         Reflect  .   (no helmet)
rElec    .         Harm     .   (no cloak)
rCorr    .         Rampage  .   (no gloves)
Will     .....                  (no boots)
Stlth    ++........             (no amulet)
HPRegen  0.06/turn              (no ring)
MPRegen  0.11/turn              (no ring)

@: held
A: no striking features
a: no special abilities


You were on level 2 of the Dungeon.
You visited 1 branch of the dungeon, and saw 2 of its levels.

You collected 72 gold pieces.

Inventory:

Armour
 a - a +0 robe (worn)
Potions
 b - a potion of mutation {unknown}
 c - a potion of degeneration {unknown}
 d - a potion of lignification {unknown}


   Skills:
 * Level 2.9 Dodging
 * Level 2.9 Stealth
 - Level 3.0 Spellcasting
 * Level 2.4 Conjurations
 + Level 4.2 Fire Magic


You had 7 spell levels left.
You knew the following spells:

 Your Spells              Type           Power      Damage    Failure   Level
a - Foxfire               Conj/Fire      64%        2x1d7     3%          1

Your spell library contained the following spells:

 Spells                   Type           Power      Damage    Failure   Level
 Conjure Flame            Conj/Fire      16%        6-21      11%         3
 Inner Flame              Hex/Fire       11%        N/A       19%         3
 Sticky Flame             Conj/Fire      16%        2d4       34%         4
 Fireball                 Conj/Fire      8%         3d6       69%         5


Dungeon Overview and Level Annotations

Branches:
Dungeon (2/15)

Altars:

Shops:
D:1 *


Message History

Casting: Foxfire (safe; 4% risk of failure)
Confirm with . or Enter, or press ? or * to list all spells.
You don't know that spell.
Casting: Foxfire (safe; 4% risk of failure)
Confirm with . or Enter, or press ? or * to list all spells.
You miscast Foxfire.
You are very lightly contaminated with residual magic.
Nothing appears to happen.
The gnoll hits you from afar with a +0 spear.
Casting: Foxfire (safe; 4% risk of failure)
Confirm with . or Enter, or press ? or * to list all spells.
You conjure some foxfire!
The gnoll misses you.
The foxfire hits the gnoll!
You kill the gnoll!
The foxfire hits the gnoll.
The gnoll is lightly wounded.
The gnoll throws a throwing net.
The throwing net hits you.
You become entangled in the net!
There is an open door here.
You see here a throwing net.
You struggle against the net.
Casting: Foxfire (safe; 3% risk of failure)
Confirm with . or Enter, or press ? or * to list all spells.
You conjure some foxfire!
Casting: Foxfire (safe; 3% risk of failure)
Confirm with . or Enter, or press ? or * to list all spells.
You conjure some foxfire!
The foxfire hits the gnoll but does no damage.
The gnoll is lightly wounded.
The gnoll barely misses you.
Your magical contamination has completely faded away.
Casting: Foxfire (safe; 3% risk of failure)
Confirm with . or Enter, or press ? or * to list all spells.
You don't have enough magic to cast this spell.
You struggle against the net.
The foxfire hits the gnoll.
The gnoll is lightly wounded.
The gnoll hits you with a +0 club.
* * * LOW HITPOINT WARNING * * *
The gnoll hits you with a +0 club.
You die...

#.##.# #.####.##
#.##.# #.......#
#.##.# #.......##
#.##.######....)..##
#.##........#'######
#.###########.# #
#.##...# #.# #
#.##ยง..######.######
#.v@g...............
####g..######.######
#...# gg#.# #...##.#
#.# #...)).# #.#
#......# #.# #......#
#.# #........#.#
#..........#


You could see 2 gnolls.

Vanquished Creatures
  2 gnolls (D:2)
  An ufetubus (D:2)
  3 dart slugs
  A ball python (D:1)
  An endoplasm (D:1)
  2 giant cockroaches
  2 goblins (D:1)
  4 hobgoblins (D:1)
  5 kobolds
  2 bats (D:1)
  3 frilled lizards
  3 rats (D:1)
29 creatures vanquished.

Vanquished Creatures (others)
  120 foxfires
120 creatures vanquished.

Grand Total: 149 creatures vanquished

Notes
Turn   | Place    | Note
-------+----------+-------------------------------------------
     0 | D:1      | Trumpetguy the Deep Elf Fire Elementalist began the quest
                  | for the Orb.
     0 | D:1      | Reached XP level 1. HP: 10/10 MP: 6/6
   349 | D:1      | Reached XP level 2. HP: 14/15 MP: 0/8
   470 | D:1      | Found Guos's General Store.
   768 | D:1      | Found a faded altar of an unknown god.
   822 | D:1      | Reached skill level 4 in Fire Magic
  1336 | D:2      | Reached XP level 3. HP: 13/19 MP: 3/9
  1653 | D:2      | Slain by a gnoll

Illustrated notes

Levels and vault maps discovered:
D:1:      dpeg_arrival_round_c, layout_basic, serial_shops,
          nicolae_shop_statue_plus, ebering_ecumenical_altar_ruins,
          minmay_box_of_dots
D:2:      wad_river_or_something, layout_basic, minmay_between,
          uniq_crazy_yiuf_cottage

Skill      XL: |  1  2  3 |
---------------+----------+-----
Fire Magic     | 4 |  4.2
Conjurations   | 2 |  2.4
Dodging        | |  2.9
Stealth        | |  2.9
Spellcasting   | |  3.0

Action                   || total
-------------------------++-------
 Cast: Foxfire           ||    76
Armor: Robe              ||     4
Dodge: Dodged            ||    11
